 Dungeon Crawl Stone Soup version 0.23.2-30-g0e89c35649 (webtiles) character file.

Game seed: 80305997941309247

1095354 dvd the Dwarven Barricade (level 27, -5/258 (259) HPs)
             Began as a Deep Dwarf Fighter on June 6, 2019.
             Was the Champion of Makhleb.
             Killed from afar by a hellion (22 damage)
             ... with damnation
             ... on level 7 of Tartarus on June 15, 2019.
             The game lasted 05:33:39 (67531 turns).

dvd the Dwarven Barricade (Deep Dwarf Fighter)     Turns: 67531, Time: 05:33:40

HP:   -5/258 (259)  AC: 40    Str: 37    XL:     27
MP:   32/32         EV: 22    Int:  7    God:    Makhleb [******]
Gold: 14470         SH: 34    Dex: 24    Spells: 35/57 levels left

rFire    + + .     SeeInvis +   b - +9 broad axe (elec)
rCold    + + .     Gourm    .   R - +4 shield {rC+ rF+}
rNeg     + . .     Faith    .   Y - +8 plate armour "Ajunoz" {Str+2}
rPois    +         Spirit   .   M - +2 helmet {SInv}
rElec    +         Reflect  +   J - +2 cloak {MR+}
rCorr    +         Harm     .   n - +1 pair of gloves of Duty {rF+ MR+ Int-2 Dex+4}
MR       +++++                  c - +2 pair of boots {Stlth+}
Stlth    +++.......             N - +5 amulet of reflection
HPRegen  0.00/turn              e - ring of the Zebra {rCorr rPois Str+9 Dex-2 Stlth+}
MPRegen  0.23/turn              H - ring of the Ladybird {rElec MR+ Str+3 Dex+4}

@: non-regenerating, lightly drained
A: damage resistance, heal wounds, hooves 1, large bone plates 1, thin skeletal
structure 1, blink, clumsy 1, cold resistance 1, deformed body, dopey 2, frail
1, negative energy resistance 1, sense surroundings 3, shaggy fur 1, sturdy
frame 1, no regeneration
}: 10/15 runes: barnacled, slimy, silver, iron, icy, abyssal, glowing, magical,
dark, gossamer
a: Heal Wounds, Blink, Minor Destruction, Lesser Servant of Makhleb, Major
Destruction, Greater Servant of Makhleb, Renounce Religion


You were on level 7 of Tartarus.
You worshipped Makhleb.
Makhleb was exalted by your worship.
You were not hungry.

You visited 15 branches of the dungeon, and saw 74 of its levels.
You visited Pandemonium 1 time, and saw 16 of its levels.
You visited the Abyss 3 times.
You also visited: Trove, Ossuary, Gauntlet and Volcano.

You collected 15417 gold pieces.
You spent 947 gold pieces at shops.

Inventory:

Hand Weapons
 a - a +9 war axe of draining
 b - a +9 broad axe of electrocution (weapon)
 v - the +8 war axe of Contention {freeze, rElec rPois Str+4}
   (You found it on level 7 of the Iron City of Dis)

   It has been specially enchanted to freeze those struck by it, causing extra
   injury to most foes and up to half again as much damage against particularly
   susceptible opponents.
   It can also slow down cold-blooded creatures.
   It affects your strength (+4).
   It insulates you from electricity.
   It protects you from poison.
 y - the +6 broad axe "Neeq" {freeze, rElec MR+ Dex+2}
   (You found it on level 5 of the Pits of Slime)

   It has been specially enchanted to freeze those struck by it, causing extra
   injury to most foes and up to half again as much damage against particularly
   susceptible opponents.
   It can also slow down cold-blooded creatures.
   It affects your dexterity (+2).
   It insulates you from electricity.
   It affects your resistance to hostile enchantments.
 z - a +5 vampiric broad axe
Armour
 c - a +2 pair of boots of stealth (worn)
 n - the +1 pair of gloves of Duty (worn) {rF+ MR+ Int-2 Dex+4}
   (You found it in Pandemonium)

   It affects your intelligence (-2).
   It affects your dexterity (+4).
   It protects you from fire.
   It affects your resistance to hostile enchantments.
 J - a +2 cloak of magic resistance (worn)
 M - a +2 helmet of see invisible (worn)
 P - a +5 shield of reflection
 R - a +4 shield of resistance (worn)
 S - a +0 large shield of reflection
 Y - the +8 plate armour "Ajunoz" (worn) {Str+2}
   (You found it on level 3 of the Vaults)

   It affects your strength (+2).
 Z - a +1 large shield of cold resistance
Jewellery
 e - the ring of the Zebra (left hand) {rCorr rPois Str+9 Dex-2 Stlth+}
   (You found it in a Gauntlet)

   [ring of resist corrosion]

   It affects your strength (+9).
   It affects your dexterity (-2).
   It protects you from poison.
   It makes you more stealthy.
 w - the ring "Uschegyi" {rC+ Slay+3}
   (You found it on level 4 of the Shoals)

   [ring of protection from cold]

   It affects your accuracy and damage with ranged weapons and melee attacks
   (+3).
   It protects you from cold.
 x - the ring "Dos Buci" {Fire Dex+5 Slay+3}
   (You found it in a treasure trove)

   [ring of fire]

   It enhances your fire magic.
   It affects your dexterity (+5).
   It affects your accuracy and damage with ranged weapons and melee attacks
   (+3).
   It protects you from fire.
   It makes you vulnerable to cold.
 D - the ring of Jimya {rF+ MP+9}
   (You took it off Dispater on level 7 of the Iron City of Dis)

   [ring of protection from fire]

   It protects you from fire.
   It affects your magic capacity (+9).
 H - the ring of the Ladybird (right hand) {rElec MR+ Str+3 Dex+4}
   (You took it off a deep elf death mage on level 3 of the Elven Halls)

   [ring of protection from magic]

   It affects your strength (+3).
   It affects your dexterity (+4).
   It insulates you from electricity.
   It affects your resistance to hostile enchantments.
 N - a +5 amulet of reflection (around neck)
 O - the amulet "Sosuru Jado" {Gourm rElec rN++ Dex+2}
   (You found it on level 5 of the Pits of Slime)

   [amulet of the gourmand]

   It allows you to eat raw meat even when not hungry.
   It affects your dexterity (+2).
   It insulates you from electricity.
   It greatly protects you from negative energy.
 T - the ring of Robustness {AC+8}
   (You found it in a treasure trove)

   [ring of protection]

   It affects your AC (+8).
 W - the ring of Myvusor {+Fly rElec rC+}
   (You found it in a treasure trove)

   [ring of flight]

   It protects you from cold.
   It insulates you from electricity.
   It lets you fly.
Wands
 d - a wand of digging (15)
 g - a wand of acid (53)
 o - a wand of flame (185)
 r - a wand of scattershot (10)
 C - a wand of clouds (4)
 G - a wand of disintegration (22)
 L - a wand of iceblast (49)
Scrolls
 h - 50 scrolls of identify
 i - 2 scrolls of blinking
 j - 5 scrolls of summoning
 k - 34 scrolls of remove curse
 m - 32 scrolls of teleportation
 p - a scroll of holy word
 u - 9 scrolls of fog
 B - 4 scrolls of magic mapping
 X - 9 scrolls of fear
Potions
 q - 4 potions of mutation
 s - 14 potions of curing
 t - 6 potions of heal wounds
 E - 6 potions of resistance
 F - 3 potions of magic
 I - 4 potions of agility
 K - 6 potions of flight
 Q - 4 potions of cancellation
 U - 3 potions of ambrosia
 V - 3 potions of haste
Miscellaneous
 l - a phantom mirror
Comestibles
 f - 107 rations
 A - 4 chunks of flesh


   Skills:
 + Level 24.7(24.3) Fighting
 O Level 27(26.5) Axes
   Level 2.7(17.2) Maces & Flails
 + Level 1.6(1.4) Throwing
 * Level 24.1(23.7) Armour
 + Level 14.4(14.1) Dodging
 + Level 6.9(6.6) Stealth
 O Level 27(26.5) Shields
 * Level 15.5(15.1) Spellcasting
 + Level 13.1(12.8) Conjurations
 * Level 11.0(10.7) Charms
 * Level 13.2(12.9) Summonings
 + Level 8.1(7.8) Translocations
 + Level 18.1(17.7) Earth Magic
 + Level 16.1(15.8) Invocations
 + Level 5.7(5.4) Evocations


You had 35 spell levels left.
You knew the following spells:

 Your Spells              Type           Power        Failure   Level  Hunger
a - Blink                 Tloc           N/A          1%          2    None
b - Apportation           Tloc           ###...       1%          1    None
c - Stone Arrow           Conj/Erth      ####..       1%          3    ##.....
d - Iron Shot             Conj/Erth      ####......   6%          6    #######
e - Summon Small Mammal   Summ           ###.         1%          1    None
f - Swiftness             Chrm/Air       ##......     3%          2    None
g - Song of Slaying       Chrm           ###.....     1%          2    None
h - Aura of Abjuration    Summ           ###.......   3%          5    #####..

Your spell library contained the following spells:

 Spells                   Type           Power        Failure   Level  Hunger
 Sandblast                Erth           ####..       0%          1    None
 Flame Tongue             Conj/Fire      ##...        1%          1    None
 Infusion                 Chrm           ###.         1%          1    None
 Magic Dart               Conj           ###.         1%          1    None
 Shock                    Conj/Air       ##..         1%          1    None
 Sting                    Conj/Pois      ##..         1%          1    None
 Summon Butterflies       Summ           ###.....     1%          1    None
 Call Imp                 Summ           ###.....     1%          2    None
 Passwall                 Tmut/Erth      ###.....     1%          2    None
 Searing Ray              Conj           ###...       1%          2    None
 Shroud of Golubria       Chrm/Tloc      ###.......   1%          2    None
 Recall                   Summ/Tloc      N/A          1%          3    ##.....
 Lee's Rapid Deconstruct  Erth           ####......   1%          5    #####..
 Throw Flame              Conj/Fire      ##....       2%          2    None
 Throw Frost              Conj/Ice       ##....       2%          2    None
 Lesser Beckoning         Tloc           ###.......   2%          3    ##.....
 Summon Demon             Summ           ###.......   3%          5    #####..
 Conjure Flame            Conj/Fire      ##......     4%          3    ##.....
 Static Discharge         Conj/Air       ##......     4%          3    ##.....
 Iskenderun's Battlesphe  Conj/Chrm      ###.....     4%          5    #####..
 Leda's Liquefaction      Hex/Erth       ###.......   5%          4    ####...
 Petrify                  Tmut/Erth      ###.....     5%          4    ####...
 Ozocubu's Armour         Chrm/Ice       ##......     7%          3    ##.....
 Spectral Weapon          Hex/Chrm       ##......     7%          3    ##.....
 Passage of Golubria      Tloc           N/A          9%          4    ####...
 Bolt of Magma            Conj/Fire/Erth ###.......   9%          5    #####..
 Summon Forest            Summ/Tloc      ###.......   9%          5    #####..
 Mephitic Cloud           Conj/Pois/Air  ##......     11%         3    ##.....
 Portal Projectile        Hex/Tloc       ##....       13%         3    ##.....
 Summon Ice Beast         Ice/Summ       ##......     14%         4    ####...
 Summon Lightning Spire   Summ/Air       ##......     14%         4    ####...
 Fulminant Prism          Conj/Hex       ##........   16%         4    ####...
 Sticky Flame             Conj/Fire      ##......     16%         4    ####...
 Throw Icicle             Conj/Ice       ##......     16%         4    ####...
 Borgnjor's Vile Clutch   Necr/Erth      ###.......   16%         5    #####..
 Shadow Creatures         Summ           N/A          16%         6    #######
 Animate Skeleton         Necr           N/A          22%         1    None
 Beastly Appendage        Tmut           #.....       22%         1    None
 Confusing Touch          Hex            #.....       22%         1    None
 Corona                   Hex            #......      22%         1    None
 Freeze                   Ice            #...         22%         1    None
 Pain                     Necr           #...         22%         1    None
 Corpse Rot               Necr           N/A          32%         2    None
 Ensorcelled Hibernation  Hex/Ice        #.....       32%         2    None
 Poisonous Vapours        Pois/Air       #.....       32%         2    None
 Slow                     Hex            #.......     32%         2    None
 Sublimation of Blood     Necr           #.........   32%         2    None
 Bolt of Draining         Conj/Necr      ##........   38%         5    #####..
 Fireball                 Conj/Fire      ##........   38%         5    #####..
 Lightning Bolt           Conj/Air       ##........   38%         5    #####..
 Summon Mana Viper        Hex/Summ       ##......     38%         5    #####..
 Venom Bolt               Conj/Pois      ##........   38%         5    #####..
 Ignite Poison            Fire/Tmut/Pois #.......     54%         3    ##.....
 Inner Flame              Hex/Fire       #.......     54%         3    ##.....
 Tukima's Dance           Hex            #.......     54%         3    ##.....
 Vampiric Draining        Necr           #.........   54%         3    ##.....
 Excruciating Wounds      Chrm/Necr      ##........   54%         5    #####..
 Statue Form              Tmut/Erth      ###......    63%         6    #######
 Monstrous Menagerie      Summ           ###.......   65%         7    #######
 Spellforged Servitor     Conj/Summ      ###.......   65%         7    #######
 Summon Greater Demon     Summ           ###.......   65%         7    #######
 Summon Hydra             Summ           ###.......   65%         7    #######
 Orb of Destruction       Conj           ###.......   67%         7    #######
 Airstrike                Air            #.........   91%         4    ####...
 Animate Dead             Necr           N/A          91%         4    ####...
 Cause Fear               Hex            #.........   91%         4    ####...
 Ice Form                 Ice/Tmut       #.......     91%         4    ####...
 Olgreb's Toxic Radiance  Pois           #.......     91%         4    ####...
 Bolt of Cold             Conj/Ice       ##........   93%         6    #######
 Bolt of Fire             Conj/Fire      ##........   93%         6    #######
 Conjure Ball Lightning   Conj/Air       ##........   93%         6    #######
 Poison Arrow             Conj/Pois      ##........   93%         6    #######
 Malign Gateway           Summ/Tloc      ###.......   94%         7    #######
 Lehudib's Crystal Spear  Conj/Erth      ####......   95%         8    #######
 Deflect Missiles         Chrm/Air       ##........   98%         6    #######
 Agony                    Necr           #.......     99%         5    #####..
 Alistair's Intoxication  Tmut/Pois      #.......     99%         5    #####..
 Dispel Undead            Necr           #.......     99%         5    #####..
 Metabolic Englaciation   Hex/Ice        #.........   99%         5    #####..
 Silence                  Hex/Air        #.........   99%         5    #####..
 Yara's Violent Unravell  Hex/Tmut       #.........   99%         5    #####..
 Freezing Cloud           Conj/Ice/Air   ##........   99%         6    #######
 Darkness                 Hex            #.........   100%        6    #######
 Death Channel            Necr           #.........   100%        6    #######
 Hydra Form               Tmut           #.........   100%        6    #######
 Invisibility             Hex            #.......     100%        6    #######
 Ozocubu's Refrigeration  Ice            #.........   100%        6    #######
 Simulacrum               Ice/Necr       #.........   100%        6    #######
 Haunt                    Necr/Summ      ##........   100%        7    #######
 Ring of Flames           Chrm/Fire      ##........   100%        7    #######
 Borgnjor's Revivificati  Necr           #.........   100%        8    #######
 Chain Lightning          Conj/Air       ##........   100%        8    #######
 Death's Door             Chrm/Necr      ##........   100%        8    #######
 Discord                  Hex            #.........   100%        8    #######
 Ignition                 Fire           #.........   100%        8    #######
 Infestation              Necr           #.........   100%        8    #######
 Necromutation            Tmut/Necr      #.........   100%        8    #######
 Summon Horrible Things   Summ           ###.......   100%        8    #######
 Fire Storm               Conj/Fire      ##........   100%        9    #######
 Glaciate                 Conj/Ice       ##........   100%        9    #######
 Shatter                  Erth           ####......   100%        9    #######
 Tornado                  Air            #.........   100%        9    #######
 Regeneration             Chrm/Necr      Unusable     N/A         3    N/A

Dungeon Overview and Level Annotations

Branches:
Dungeon (15/15)            Temple (1/1) D:6            Lair (6/6) D:8
 Shoals (4/4) Lair:4       Spider (4/4) Lair:4        Slime (5/5) Lair:6
    Orc (2/2) D:10            Elf (3/3) Orc:2        Vaults (5/5) D:14
  Crypt (3/3) Vaults:2       Tomb (0/3) Crypt:3      Depths (5/5) D:15
   Hell (1/1)                 Dis (7/7) Hell            Geh (0/7) Hell
    Coc (7/7) Hell            Tar (7/7) Hell            Zot (0/5) Depths:5

Altars:
Ashenzari
Cheibriados
Dithmenos
Elyvilon
Fedhas
Gozag
Hepliaklqana
Kikubaaqudgha
Makhleb
Nemelex Xobeh
Okawaru
Qazlal
Ru
Sif Muna
Trog
Uskayaw
Vehumet
Wu Jian
Xom
Yredelemnul
Zin
The Shining One
Beogh
Lugonu

Shops:
D:4 (   D:5 ?   D:7 }   D:13 (}   D:15 (   Orc:2 *[:(   Vaults:4 (   Vaults:5 (
Depths:1 =}=   Depths:5 ?

Portals:
Hell: Lair:6 Depths:1 Depths:2 Depths:3 Depths:4 Depths:5
Abyss: Crypt:2 Depths:2 Depths:4
Pandemonium: Depths:3
Ziggurat: Depths:1

Annotations:
D:7 exclusion: statue


Innate Abilities, Weirdness & Mutations

You are resistant to damage.
You can heal yourself by infusing magical energy.
You resist negative energy. (rN+)
You passively map a large area around you.
You do not regenerate.
You have large cloven feet.
You are partially covered in large bone plates. (SH +4)
You have a somewhat thin skeletal structure. (Dex +2, Stealth)
You can translocate small distances at will.
You are clumsy. (Dex -2)
Your flesh is cold resistant. (rC+)
Armour fits poorly on your strangely shaped body.
You are very dopey. (Int -4)
You are frail. (-10% HP)
You are covered in fur. (AC +1)
Your movements are slightly less encumbered by armour. (ER -2)


Message History

The tormentor calls on the powers of darkness!
Your body is wracked with pain!
* * * LOW HITPOINT WARNING * * *
You block the tormentor's attack. x2
You slice the tormentor!!
You kill the tormentor!
Makhleb accepts your kill.
You feel better. The hellion gestures at you.
The sphere of damnation explodes!
The damnation engulfs you!
* * * LOW HITPOINT WARNING * * *
The hellion gestures at you.
The sphere of damnation explodes!
The damnation engulfs you!!
* * * LOW HITPOINT WARNING * * *
The damnation engulfs the hellion.
The hellion completely resists.
You slice the hellion!! Lightning courses through the hellion!
The hellion is severely wounded.
The hellion gestures at you.
The sphere of damnation explodes!
The damnation engulfs you!!
You die...

,*,***,*****,***,#.....##
,*,*,*,*,,,,,*,,,#......#
,*,*,*,*,*****,###......##
,*,*,,,*,*,,,*,..#.......#
,*,***,*,***,**#.#.......##
,*,,,*,*,,,,,,,#.#........# #
,*,*,*,*,#####,#.#........# #
,',*,*,*,#...#,#2#........## #
**,*,*,*,#.#.###@#.........# #
,,,*,*,*,#.#.....#.........# #
****,***,#.#####.#.........## ###
,,,,,*,,,#...#...#..........###..
,*****,**###.#.###...........#)..
,*,,,,,*,,,#.#...#...........)...
,*,*******,#.###.#...............
,*,*,,,,,*,#.#...#...............
,*,*,***,*,#.#.###............#..


You could see a hellion.

Vanquished Creatures
  Antaeus (Coc:7)
  the Royal Jelly (Slime:5)
  Lom Lobon (Pan)
  Mnoleg (Pan)
  Dispater (Dis:7)
  Mara (Shoals:3)
  A greater mummy (Crypt:3)
  The ghost of Valentain the Grim Reaper, a veteran NaVM of Yredelemnul (Depths:4)
  Boris (Vaults:5)
  The ghost of Houmnergh the Opulent, a master GnTm of Gozag (Crypt:2)
  8 shard shrikes (Coc:7)
  Margery (Depths:3)
  Xtahua (Crypt:3)
  6 pandemonium lords (Pan)
  2 caustic shrikes (Depths:4)
  Geryon (Hell)
  5 golden dragons
  Nikola (Elf:2)
  The ghost of Sassenached the Warrior, an adept DsWn of Nemelex Xobeh (Depths:4)
  A profane servitor (Abyss:2)
  9 Brimstone Fiends
  Arachne (Spider:4)
  12 bone dragons
  6 doom hounds
  27 Tzitzimimeh
  4 iron giants
  A hellephant (Abyss:1)
  6 tentacled monstrosities
  24 Ice Fiends
  10 liches
  9 titans
  9 Hell Sentinels
  2 deep elf blademasters (Elf:3)
  38 Executioners
  A kraken (Abyss:4)
  6 quicksilver dragons
  17 acid blobs
  5 tentacled starspawn
  2 eldritch tentacles
  6 sphinxes
  Roxanne (Shoals:1)
  11 ancient champions
  14 shadow dragons
  11 tengu reavers
  Kirke (D:12)
  2 revenants (Crypt:3)
  12 fire giants
  5 storm dragons
  17 corrupters (Pan)
  Donald (Spider:4)
  8 deep elf sorcerers
  7 azure jellies
  A daeva (Abyss:3)
  Ilsuiw (Shoals:3)
  4 ghost moths (Spider:4)
  16 iron dragons
  19 cacodemons
  10 frost giants
  9 black suns (Pan)
  11 balrugs
  13 vault wardens
  6 curse skulls
  3 orc warlords
  A draconian shifter (Abyss:3)
  An angel (Abyss:4)
  5 deep elf elementalists (Elf:3)
  2 draconian knights
  26 stone giants
  Aizul (Elf:3)
  16 emperor scorpions
  10 ghouls
  The ghost of Weamuf the Protected, a journeyman DsBe of Trog (Shoals:3)
  15 ironheart preservers
  15 warmongers (Pan)
  2 spriggan defenders
  9 blood saints (Pan)
  57 reapers
  5 elemental wellsprings
  4 entropy weavers
  4 draconian annihilators
  32 very ugly things
  An entropy weaver (shapeshifter) (Vaults:5)
  A caustic shrike skeleton (Depths:3)
  14 war gargoyles
  63 large abominations
  6 deep elf demonologists
  14 vampire knights
  10 deep elf annihilators
  The ghost of Terandir the Cleaver, a journeyman MiFi of Okawaru (Lair:4)
  A black draconian (Depths:5)
  Azrael (Orc:2)
  A minotaur (Gauntlet)
  A yellow draconian (Depths:5)
  2 purple draconians (Depths:5)
  16 lorocyprocas
  A white draconian (Depths:5)
  9 spark wasps
  3 dire elephants (Abyss:3)
  2 red draconians (Depths:5)
  14 ettins
  16 deep elf death magi
  6 merfolk javelineers
  Snorg (Lair:6)
  27 blizzard demons
  13 green deaths
  4 quicksilver dragon zombies
  9 fire dragons
  8 mummy priests
  15 jiangshi
  4 eidola
  10 death oozes (Slime:5)
  3 kraken zombies
  The ghost of turlogh the Basher, a journeyman MiBe of Trog (Lair:2)
  11 merfolk impalers
  8 deep elf high priests
  The ghost of DKeggars the Cleaver, a journeyman MiFi of Okawaru (D:11)
  7 rakshasas
  25 ice dragons
  Erolcha (D:9)
  8 ogre magi
  18 yaktaur captains
  A quicksilver dragon skeleton (Tar:7)
  Fannar (D:10)
  13 great orbs of eyes
  6 hydras
  The ghost of hitsuchi the Geomancer, a journeyman GrEE of Vehumet (Lair:3)
  An ice dragon (shapeshifter) (Vaults:3)
  14 monstrous demonspawn (Pan)
  7 hell beasts
  A ghost crab (Abyss:4)
  37 vault guards
  7 death knights
  8 centaur warriors
  Harold (D:7)
  7 spriggan air magi
  A merfolk avatar (Shoals:2)
  4 merfolk aquamancers
  Erica (D:11)
  35 dancing weapons
  33 two-headed ogres
  6 deep troll shamans
  A two-headed ogre (shapeshifter) (Depths:4)
  A shambling mangrove (Abyss:4)
  6 hell hogs
  7 deep troll earth magi
  A satyr (Shoals:4)
  7 titan zombies
  14 tengu warriors
  14 vampire magi
  5 orc high priests
  14 spriggan berserkers
  25 small abominations
  13 thrashing horrors
  Nergalle (Lair:3)
  58 soul eaters
  8 iron golems
  3 shock serpents (Pan)
  34 sun demons
  3 storm dragon zombies
  7 wretched stars
  24 deep elf knights
  2 titan skeletons (Tar:7)
  A fire crab (Abyss:4)
  10 iron trolls
  28 shadow wraiths
  5 spatial maelstroms
  120 skeletal warriors
  10 sea snakes
  A spectral death yak (Lair:4)
  5 glowing orange brains
  An iron giant zombie (Crypt:1)
  28 sixfirhies
  4 golden dragon zombies
  8 gelid demonspawn (Pan)
  A glowing orange brain (shapeshifter) (Vaults:5)
  A death drake (shapeshifter) (Depths:4)
  2 ghost moth zombies (Coc:7)
  7 infernal demonspawn (Pan)
  A swamp dragon (shapeshifter) (Vaults:5)
  A spark wasp zombie (Depths:1)
  2 quicksilver dragon simulacra (Depths:2)
  30 hell knights
  15 torturous demonspawn (Pan)
  12 deep trolls
  2 unseen horrors (Depths:4)
  12 shadow demons
  8 anaconda zombies
  7 anaconda skeletons
  7 flayed ghosts
  12 wizards
  2 spectral hydras
  19 phantasmal warriors
  11 orc knights
  4 shadow dragon zombies
  16 deep elf archers
  13 harpies
  A golden dragon skeleton (Depths:1)
  5 stone giant zombies
  18 necromancers
  An iron giant skeleton (Crypt:3)
  18 ironbrand convokers
  4 shadow dragon skeletons
  A mana viper (shapeshifter) (Vaults:5)
  35 ugly things
  21 orb spiders
  7 frost giant zombies
  57 deep elf magi
  3 iron dragon zombies
  4 oklob plants (Lair:6)
  27 wolf spiders
  2 wolf spider zombies
  8 fauns
  4 fire giant zombies
  2 shining eyes
  8 orc sorcerers
  4 worldbinders
  A moth of wrath (Spider:1)
  A salamander (Depths:4)
  A cyclops (D:12)
  17 manticores
  63 rust devils
  3 frost giant skeletons
  3 apocalypse crabs
  10 elephants
  5 dire elephant zombies
  A molten gargoyle (Volcano)
  7 black mambas
  9 merfolk sirens
  A stone giant skeleton (Tar:1)
  2 eyes of devastation (Slime:5)
  18 vault sentinels
  Joseph (Lair:1)
  2 torpor snails
  5 fire giant skeletons
  3 gargoyles
  14 spiny frogs
  9 water nymphs
  A titan simulacrum (Tar:2)
  46 smoke demons
  5 ice statues
  22 orange demons (Pan)
  19 hellions
  5 rime drakes
  2 spriggan zombies
  43 freezing wraiths
  3 catoblepas zombies
  A dire elephant skeleton (Coc:7)
  64 yaktaurs
  4 komodo dragons
  25 demonic crawlers
  29 tormentors
  6 efreet
  A sea snake zombie (Crypt:3)
  An emperor scorpion zombie (Dis:6)
  29 red devils
  62 ice devils
  3 tengu conjurers (Depths:4)
  12 trolls
  A catoblepas skeleton (Tar:7)
  33 guardian mummies (Crypt:3)
  29 hellwings (Pan)
  36 merfolk
  A green draconian skeleton (Crypt:1)
  A silent spectre (Tar:7)
  8 ancient zymes
  3 harpy zombies
  38 jumping spiders
  A queen bee (Lair:2)
  A meliai (Lair:2)
  2 queen bees (shapeshifter)
  A sea snake skeleton (Crypt:2)
  8 wind drakes
  8 hydra zombies
  2 wind drakes (shapeshifter)
  17 blink frogs
  59 slime creatures
  22 hornets
  A polar bear (shapeshifter) (Depths:1)
  A blink frog (shapeshifter) (Abyss:3)
  2 harpy skeletons
  A hippogriff (shapeshifter) (Vaults:3)
  A spectral dream sheep (Lair:3)
  3 hydra skeletons
  3 alligator zombies
  4 dream sheep (Lair:4)
  A hornet (shapeshifter) (Depths:1)
  6 snapping turtles
  7 raiju
  5 ettin zombies
  2 spectral black mambas
  3 ice dragon zombies
  3 bog bodies (Crypt:1)
  13 hippogriffs
  An iron dragon simulacrum (Abyss:4)
  2 ettin skeletons
  77 flying skulls
  4 ice dragon skeletons
  4 spriggans (Depths:5)
  18 shadows
  8 fire dragon skeletons
  66 redbacks
  5 basilisks
  5 air elementals
  A tarantella (shapeshifter) (Depths:2)
  23 ynoxinuls
  A deep troll skeleton (Depths:1)
  6 wyverns
  14 starcursed masses
  Sigmund (D:4)
  2 alligator skeletons
  44 water elementals
  20 wraiths
  7 golden eyes
  Grum (D:10)
  A spectral komodo dragon (Lair:3)
  45 yaks
  29 tarantellas
  Eustachio (D:4)
  8 ushabtiu (Crypt:3)
  6 hogs (D:12)
  2 golden eyes (shapeshifter)
  15 fire bats
  10 fire elementals
  A black mamba skeleton (Dis:1)
  33 chaos spawn
  7 vampire mosquitoes
  21 neqoxecs
  6 hungry ghosts
  2 spatial vortices (Abyss:3)
  14 wargs
  2 soldier ants (shapeshifter) (Vaults:2)
  Edmund (D:6)
  A yaktaur simulacrum (Depths:1)
  4 insubstantial wisps (Abyss:3)
  2 acid dragons
  2 floating eyes
  A hydra simulacrum (Lair:4)
  8 water moccasins
  9 porcupines
  A merfolk skeleton (Crypt:3)
  6 spiny frog zombies
  45 hell hounds
  6 spiny frog skeletons
  2 black bears
  3 manticore zombies
  A hornet zombie (D:12)
  A swamp dragon zombie (Coc:1)
  6 eyes of draining
  53 orc warriors
  4 phantoms
  A sky beast (D:6)
  A sky beast (shapeshifter) (Vaults:2)
  9 ice beasts
  A blink frog zombie (Crypt:1)
  21 necrophages
  4 ettin simulacra
  39 ogres
  An ice dragon simulacrum (Crypt:1)
  26 centaurs
  A centaur (shapeshifter) (Vaults:5)
  2 black mamba simulacra
  2 snapping turtle zombies
  4 boggarts (Depths:4)
  22 wolves
  A swamp dragon skeleton (Tar:7)
  A crocodile (shapeshifter) (Vaults:3)
  3 human skeletons
  2 big kobolds
  Blork the orc (D:5)
  12 crocodiles
  A big kobold (shapeshifter) (D:14)
  A yaktaur zombie (Crypt:3)
  8 elf zombies
  18 bullfrogs
  A spectral wyvern (D:11)
  6 earth elementals
  2 glowing shapeshifter simulacra
  An elf skeleton (Coc:7)
  A wyvern skeleton (D:14)
  A troll zombie (Hell)
  6 scorpions
  A warg skeleton (Crypt:3)
  30 killer bees
  2 human simulacra
  A snapping turtle simulacrum (Coc:7)
  26 wights
  5 electric eels
  3 howler monkeys
  A torpor snail simulacrum (Lair:4)
  13 crimson imps
  6 lava snakes (Volcano)
  2 quasits
  5 centaur skeletons
  10 centaur zombies
  6 hounds
  32 orc priests
  2 human zombies
  9 jellies
  28 orc wizards
  5 bullfrog skeletons
  5 iguanas
  35 iron imps
  Crazy Yiuf (D:2)
  Terence (D:2)
  A black bear skeleton (Crypt:3)
  10 worker ants
  2 felid zombies
  2 tengu zombies
  2 acid dragon zombies
  2 bullfrog simulacra (D:11)
  A tengu skeleton (Dis:1)
  A demigod skeleton (Crypt:3)
  A hound zombie (D:6)
  A crocodile skeleton (Crypt:2)
  2 hound skeletons
  30 mummies
  A howler monkey zombie (D:5)
  A worker ant zombie (D:6)
  Robin (D:2)
  A howler monkey skeleton (Crypt:2)
  13 adders
  An ogre simulacrum (Crypt:1)
  16 shadow imps
  24 white imps
  2 ufetubi (Abyss:1)
  An ooze (Lair:6)
  A lava snake zombie (Crypt:2)
  A worm zombie (Crypt:1)
  A worm (D:2)
  3 ball lightnings (Pan)
  2 dart slugs (D:1)
  5 leopard geckos
  146 orcs
  7 giant cockroaches
  17 goblins
  5 hobgoblins
  7 jackals
  27 kobolds
  7 quokkas
  A ball python (D:2)
  8 bats
  A dart slug zombie (Crypt:1)
  6 frilled lizards
  An orc skeleton (Coc:7)
  A quokka skeleton (D:7)
  14 rats
  2 river rat zombies (Crypt:1)
  A bush (Lair:4)
  4 crawling corpses
  6 fungi
  A lurking horror (Abyss:2)
  12 plants
  8 starspawn tentacles
  5 tentacles
4447 creatures vanquished.

Vanquished Creatures (collateral kills)
  2 dancing weapons (Elf:2)
  A deep elf knight (Elf:2)
  A sixfirhy (Lair:6)
  An orb spider (Spider:1)
  2 deep elf magi (Elf:2)
  2 elephants (Lair:5)
  A demonic crawler (Spider:1)
  A red devil (Lair:6)
  An ice dragon zombie (Abyss:1)
  A raiju (Abyss:1)
  A redback (Spider:1)
  3 tarantellas (Spider:1)
  A small abomination (Abyss:1)
  A crocodile (Lair:5)
19 creatures vanquished.

Vanquished Creatures (others)
  Asterion (Depths:2)
  A storm dragon (Depths:2)
  An elemental wellspring (Coc:7)
  A small abomination (Depths:1)
  A deep elf death mage (Elf:3)
  2 yaktaur captains
  A great orb of eyes (Depths:4)
  An ice dragon (Coc:7)
  An ogre mage (Depths:4)
  An orc high priest (Orc:2)
  A deep elf knight (Vaults:2)
  A deep elf mage (Elf:2)
  An orb spider (Spider:3)
  5 yaktaurs
  A hellwing (Pan)
  A guardian mummy (Crypt:3)
  A red devil (Pan)
  A fire dragon zombie (Tar:1)
  A large abomination (Pan)
  2 flying skulls
  A wraith (Depths:2)
  A ynoxinul (Pan)
  3 shadows (Depths:2)
  3 fire bats
  A fire elemental (Hell)
  A boggart (Depths:4)
  An ogre (shapeshifter) (Elf:2)
  An earth elemental (Volcano)
  An iron imp (Dis:1)
  A mummy (Crypt:3)
  5 white imps
  12 ball lightnings (Pan)
  3 orcs
  A butterfly (Lair:1)
  2 crawling corpses
  3 demonic plants (Pan)
  21 fungi
  4 lurking horrors
  17 plants
  14 starspawn tentacles
  19 tentacles
141 creatures vanquished.

Grand Total: 4607 creatures vanquished

Notes
Turn   | Place    | Note
-------+----------+-------------------------------------------
     0 | D:1      | dvd the Deep Dwarf Fighter began the quest for the Orb.
     0 | D:1      | Reached XP level 1. HP: 20/20 MP: 1/1
   159 | D:1      | Reached XP level 2. HP: 18/27 MP: 2/2
   890 | D:2      | Reached XP level 3. HP: 20/33 MP: 3/3
  1014 | D:2      | Noticed Terence
  1024 | D:2      | Killed Terence
  1024 | D:2      | Reached XP level 4. HP: 18/42 MP: 4/4
  1117 | D:2      | Noticed Robin
  1129 | D:2      | Killed Robin
  1311 | D:2      | Found a runed translucent door.
  1312 | D:2      | Noticed Crazy Yiuf
  1324 | D:2      | Killed Crazy Yiuf
  1324 | D:2      | Reached XP level 5. HP: 34/49 MP: 5/5
  1679 | D:2      | Found a shimmering altar of Xom.
  1679 | D:2      | Found a faded altar of an unknown god.
  1686 | D:2      | Found a shattered altar of Ashenzari.
  1691 | D:2      | Found a basalt altar of Yredelemnul.
  1693 | D:2      | Found a blossoming altar of Fedhas.
  1931 | D:3      | Found a glowing golden altar of the Shining One.
  2122 | D:3      | Found a faded altar of an unknown god.
  2566 | D:3      | Reached skill level 5 in Axes
  2746 | D:3      | Reached XP level 6. HP: 26/56 MP: 6/6
  2858 | D:4      | Reached skill level 1 in Dodging
  2907 | D:4      | Noticed Sigmund
  2921 | D:4      | Killed Sigmund
  2921 | D:4      | Reached XP level 7. HP: 20/64 MP: 6/6
  2981 | D:4      | Reached skill level 5 in Shields
  3010 | D:4      | Noticed Eustachio
  3037 | D:4      | Killed Eustachio
  3037 | D:4      | Reached skill level 5 in Armour
  3046 | D:4      | Found Zaet's Antique Weapon Shop.
  3051 | D:4      | Bought a runed war axe for 130 gold pieces
  3239 | D:5      | Entered Level 5 of the Dungeon
  3256 | D:5      | Noticed Blork the orc
  3264 | D:5      | Killed Blork the orc
  3264 | D:5      | Reached XP level 8. HP: 39/73 MP: 7/7
  3415 | D:5      | Found Paisk's Magic Scroll Boutique.
  4124 | D:6      | Found a deep blue altar of Sif Muna.
  4139 | D:6      | Noticed Edmund
  4153 | D:6      | Killed Edmund
  4219 | D:6      | Reached skill level 5 in Fighting
  4236 | D:6      | Gained mutation: You passively map the area around you.
                  | [Deep Dwarf growth]
  4236 | D:6      | Reached XP level 9. HP: 38/81 MP: 7/7
  4390 | D:5      | Bought a scroll of blinking for 97 gold pieces
  4435 | D:6      | Reached skill level 1 in Stealth
  4596 | D:6      | Found a staircase to the Ecumenical Temple.
  4605 | Temple   | Entered the Ecumenical Temple
  4634 | Temple   | Became a worshipper of Makhleb the Destroyer
  4744 | D:7      | Found a radiant altar of Vehumet.
  4789 | D:7      | Noticed Harold
  4805 | D:7      | Killed Harold
  4805 | D:7      | Reached skill level 10 in Axes
  4866 | D:7      | Found Cask's Gadget Boutique.
  4926 | D:7      | Found a sand-covered staircase.
  4935 | Ossuary  | Entered an ossuary
  5032 | Ossuary  | Reached XP level 10. HP: 60/90 MP: 6/6
  5048 | Ossuary  | Reached * piety under Makhleb
  5365 | D:8      | Found a staircase to the Lair.
  5578 | D:8      | Found a stormy altar of Qazlal.
  5821 | D:8      | Reached ** piety under Makhleb
  6280 | D:9      | Reached skill level 1 in Throwing
  6309 | D:9      | Noticed Erolcha
  6318 | D:9      | Killed Erolcha
  6433 | D:9      | Found a hide-covered altar of Uskayaw.
  6453 | D:9      | Noticed a two-headed ogre
  6462 | D:9      | Killed a two-headed ogre
  6475 | D:9      | Found an iron altar of Okawaru.
  6536 | D:9      | Reached XP level 11. HP: 57/99 MP: 7/7
  6770 | D:9      | Gained mutation: You are covered in fur. (AC +1) [potion of
                  | mutation]
  6770 | D:9      | Gained mutation: Your movements are slightly less
                  | encumbered by armour. (ER -2) [potion of mutation]
  7166 | D:10     | Entered Level 10 of the Dungeon
  7180 | D:10     | Noticed Fannar
  7205 | D:10     | Killed Fannar
  7205 | D:10     | Reached *** piety under Makhleb
  7205 | D:10     | Reached skill level 1 in Invocations
  7538 | D:10     | Noticed Grum
  7549 | D:10     | Killed Grum
  7766 | D:10     | Found a staircase to the Orcish Mines.
  7920 | Lair:1   | Entered Level 1 of the Lair of Beasts
  8048 | Lair:1   | Noticed a seven-headed hydra
  8065 | Lair:1   | Killed a seven-headed hydra
  8065 | Lair:1   | Reached skill level 5 in Invocations
  8291 | Lair:1   | Reached skill level 1 in Evocations
  8301 | Lair:1   | Reached **** piety under Makhleb
  8419 | Lair:1   | Noticed Joseph
  8428 | Lair:1   | Killed Joseph
  9023 | Lair:2   | Reached XP level 12. HP: 77/109 MP: 12/12
  9205 | Lair:2   | Noticed turlogh's ghost (journeyman MiBe)
  9251 | Lair:2   | Found a transporter.
  9254 | Lair:2   | Found a transporter.
  9290 | Lair:2   | Killed turlogh's ghost
  9687 | Lair:3   | Found a dark tunnel.
  9699 | Volcano  | Entered a volcano
  9744 | Volcano  | Reached ***** piety under Makhleb
  9826 | Volcano  | Found a radiant altar of Vehumet.
  9831 | Volcano  | Reached skill level 5 in Dodging
  9835 | Volcano  | Noticed a stone giant
  9850 | Volcano  | Killed a stone giant
  9850 | Volcano  | Reached skill level 10 in Shields
  9872 | Volcano  | Got a crude morningstar
  9931 | Volcano  | Identified the +8 morningstar of Vomogg {holy, +Rage} (You
                  | found it in a volcano)
 10093 | Lair:3   | Noticed Nergalle
 10122 | Lair:3   | Killed Nergalle
 10392 | Lair:3   | Reached XP level 13. HP: 92/118 MP: 16/16
 10401 | Lair:3   | Found a runed translucent gate.
 10401 | Lair:3   | Found a runed translucent gate.
 10401 | Lair:3   | Found a runed translucent gate.
 10403 | Lair:3   | Noticed hitsuchi's ghost (journeyman GrEE)
 10425 | Lair:3   | Killed hitsuchi's ghost
 10929 | Lair:4   | Reached skill level 15 in Axes
 10955 | Lair:4   | Found a hole to the Spider Nest.
 11088 | Lair:4   | Reached skill level 10 in Invocations
 11104 | Lair:4   | Reached ****** piety under Makhleb
 11156 | Lair:4   | Got a warped platinum amulet
 11174 | Lair:4   | Identified a scroll of acquirement
 11194 | Lair:4   | Identified the amulet of Teris {RegenMP rN+ MR- Int+3} (You
                  | found it on level 4 of the Lair of Beasts)
 11244 | Lair:4   | Found a burning altar of Makhleb.
 11339 | Lair:4   | Found a staircase to the Shoals.
 11350 | Lair:4   | Found a runed translucent gate.
 11573 | Lair:4   | Found a runed translucent gate.
 11573 | Lair:4   | Found a runed translucent gate.
 11573 | Lair:4   | Noticed Terandir's ghost (journeyman MiFi)
 11591 | Lair:4   | Killed Terandir's ghost
 12439 | Lair:6   | Entered Level 6 of the Lair of Beasts
 12439 | Lair:6   | Noticed Snorg
 12459 | Lair:6   | Killed Snorg
 12534 | Lair:6   | Found a staircase to the Slime Pits.
 12611 | Lair:6   | Gained mutation: You resist negative energy. (rN+) [Deep
                  | Dwarf growth]
 12611 | Lair:6   | Reached XP level 14. HP: 129/129 MP: 18/18
 12667 | Lair:6   | Reached skill level 1 in Maces & Flails
 12778 | Lair:6   | Found a burning altar of Makhleb.
 12799 | Lair:6   | Found a gateway to Hell.
 13142 | Lair:6   | Reached skill level 10 in Armour
 13582 | Lair:6   | Upgraded the game from 0.23.2-11-gf996548c65 to
                  | 0.23.2-30-g0e89c35649
 13847 | D:11     | Noticed Erica
 13856 | D:11     | Killed Erica
 13856 | D:11     | Reached skill level 10 in Fighting
 14123 | D:11     | Found a runed translucent gate.
 14123 | D:11     | Found a runed translucent gate.
 14123 | D:11     | Found a runed translucent gate.
 14124 | D:11     | Noticed DKeggars's ghost (journeyman MiFi)
 14149 | D:11     | Killed DKeggars's ghost
 14474 | D:12     | Noticed Kirke
 14487 | D:12     | Killed Kirke
 15202 | D:13     | Noticed a fire giant
 15220 | D:13     | Killed a fire giant
 15306 | D:13     | You fall through a shaft for 2 floors!
 15306 | D:15     | Entered Level 15 of the Dungeon
 15362 | D:15     | Reached XP level 15. HP: 139/139 MP: 20/20
 15386 | D:15     | Found a gate leading to a gauntlet.
 15397 | Gauntlet | Entered a Gauntlet
 15397 | Gauntlet | Found a transporter.
 15397 | Gauntlet | Found a transporter.
 15400 | Gauntlet | Found a transporter.
 15401 | Gauntlet | Found a transporter.
 15413 | Gauntlet | Found a transporter.
 15415 | Gauntlet | Found a transporter.
 15427 | Gauntlet | Found a transporter.
 15516 | Gauntlet | Found a transporter.
 15517 | Gauntlet | Found a transporter.
 15526 | Gauntlet | Found a transporter.
 15530 | Gauntlet | Found a transporter.
 15540 | Gauntlet | Found a transporter.
 15678 | Gauntlet | Got a slimy bone ring
 15680 | Gauntlet | Identified the ring "Gudd" {+Blink +Inv Str+5 Dex-4 SInv}
                  | (You found it in a Gauntlet)
 15822 | Gauntlet | Got a fine amber ring
 15828 | Gauntlet | Identified the ring of the Zebra {rCorr rPois Str+9 Dex-2
                  | Stlth+} (You found it in a Gauntlet)
 15886 | Gauntlet | Learned a level 2 spell: Blink
 16125 | D:15     | Found Arosaod's Antique Weapon Shop.
 16151 | D:15     | Found a staircase to the Depths.
 16742 | D:14     | Found a gate to the Vaults.
 16997 | D:14     | Found a blossoming altar of Fedhas.
 17268 | D:13     | Found Jasaefor's Antique Weapon Boutique.
 17329 | D:13     | Found an opulent altar of Gozag.
 17330 | D:13     | Found Vuodesuw's Gadget Emporium.
 17730 | Orc:1    | Entered Level 1 of the Orcish Mines
 17804 | Orc:1    | Noticed an orc warlord
 17828 | Orc:1    | Killed an orc warlord
 18393 | Orc:2    | Entered Level 2 of the Orcish Mines
 18449 | Orc:2    | Noticed Azrael
 18461 | Orc:2    | Killed Azrael
 18704 | Orc:2    | Found Geto's Antique Armour Emporium.
 18724 | Orc:2    | Found Aczeumn's General Store.
 18881 | Orc:2    | Found a roughly hewn altar of Beogh.
 19152 | Orc:2    | Found a staircase to the Elven Halls.
 19477 | Orc:2    | Noticed an orc warlord
 19516 | Orc:2    | Killed an orc warlord
 19518 | Orc:2    | Found Vucioq's Book Emporium.
 19551 | Orc:2    | Found a roughly hewn altar of Beogh.
 19589 | Orc:2    | Found Ocaoch's Antique Weapon Shoppe.
 19603 | Orc:2    | Reached XP level 16. HP: 150/150 MP: 22/22
 20226 | Orc:2    | Learned a level 1 spell: Apportation
 20316 | Elf:1    | Entered Level 1 of the Elven Halls
 20537 | Elf:1    | Reached skill level 1 in Spellcasting
 21144 | Elf:2    | Identified the +5 long sword of Hepip {venom, *Noise rPois
                  | rN++ SInv} (You found it on level 2 of the Elven Halls)
 21176 | Elf:2    | Found a runed translucent gate.
 21176 | Elf:2    | Found a runed translucent gate.
 21177 | Elf:2    | Found a runed translucent gate.
 21356 | Elf:2    | Noticed Nikola
 21387 | Elf:2    | Killed Nikola
 21810 | Elf:2    | Reached XP level 17. HP: 81/162 MP: 23/23
 22105 | Elf:3    | Entered Level 3 of the Elven Halls
 22143 | Elf:3    | Reached skill level 15 in Shields
 22200 | Elf:3    | Noticed Aizul
 22218 | Elf:3    | Killed Aizul
 22712 | Elf:3    | Noticed a deep elf blademaster
 22715 | Elf:3    | Noticed an Ice Fiend
 22725 | Elf:3    | Noticed a deep elf blademaster
 22726 | Elf:3    | Killed a deep elf blademaster
 22760 | Elf:3    | Killed a deep elf blademaster
 22858 | Elf:3    | Identified the ring of the Ladybird {rElec MR+ Str+3 Dex+4}
 22939 | Elf:3    | Identified the +7 great mace "Fallyo Xetex" {elec, Int+6}
 23042 | Elf:3    | Got a flickering glass ring
 23044 | Elf:3    | Identified the ring "Poron" {MP+9 Str+5} (You found it on
                  | level 3 of the Elven Halls)
 23069 | Elf:3    | Got a pair of faintly humming boots
 23080 | Elf:3    | Identified the +0 pair of boots of Good Intentions {+Fly}
                  | (You found it on level 3 of the Elven Halls)
 23602 | Spider:1 | Entered Level 1 of the Spider Nest
 23670 | Spider:1 | Paralysed by a hornet for 2 turns
 24281 | Spider:2 | Gained mutation: You passively map a large area around you.
                  | [Deep Dwarf growth]
 24281 | Spider:2 | Reached XP level 18. HP: 171/171 MP: 25/25
 24377 | Spider:2 | Reached skill level 15 in Invocations
 25703 | Spider:3 | Reached skill level 10 in Dodging
 25960 | Spider:3 | Identified the +3 leather armour "Weufis" {rN+ MR+ Int+4
                  | Dex-5} (You found it on level 3 of the Spider Nest)
 26402 | Spider:4 | Entered Level 4 of the Spider Nest
 26408 | Spider:4 | Noticed Arachne
 26443 | Spider:4 | Killed Arachne
 26787 | Spider:4 | Noticed Donald
 26825 | Spider:4 | Killed Donald
 26925 | Spider:4 | Got a gossamer rune of Zot
 27031 | Spider:4 | Reached XP level 19. HP: 182/182 MP: 26/26
 27419 | Shoals:1 | Entered Level 1 of the Shoals
 27867 | Shoals:1 | Identified Roxanne's Almanac of Stones
 27867 | Shoals:1 | Noticed Roxanne
 27918 | Shoals:1 | HP: 7/183 [Roxanne/bolt of magma (29)]
 27922 | Shoals:1 | Killed Roxanne
 28741 | Shoals:3 | Noticed Ilsuiw
 28759 | Shoals:3 | Killed Ilsuiw
 29053 | Shoals:3 | Identified the +5 dagger of Ravage {flame, *Rage rC++
                  | Str+4} (You found it on level 3 of the Shoals)
 29108 | Shoals:3 | Found a runed translucent gate.
 29108 | Shoals:3 | Found a runed translucent gate.
 29108 | Shoals:3 | Found a runed translucent gate.
 29108 | Shoals:3 | Noticed Weamuf's ghost (journeyman DsBe)
 29127 | Shoals:3 | Killed Weamuf's ghost
 29144 | Shoals:3 | Noticed Mara
 29151 | Shoals:3 | Noticed dvd's illusion
 29179 | Shoals:3 | Killed Mara
 29462 | Shoals:4 | Entered Level 4 of the Shoals
 29613 | Shoals:4 | Got a barnacled rune of Zot
 29635 | Shoals:4 | Reached skill level 15 in Fighting
 29739 | Shoals:4 | Got a coiled bone ring
 29741 | Shoals:4 | Identified the ring "Uschegyi" {rC+ Slay+3} (You found it
                  | on level 4 of the Shoals)
 30533 | Lair:6   | Identified the Handbook of Clay and Toxins
 30569 | Lair:6   | Got an ancient hand crossbow
 30570 | Lair:6   | Identified the cursed +1 hand crossbow "Hell-Harrower"
                  | {elec, rN+} (You found it on level 6 of the Lair of Beasts)
 30792 | Vaults:1 | Entered Level 1 of the Vaults
 30915 | Vaults:1 | Reached XP level 20. HP: 194/194 MP: 27/27
 31878 | Vaults:1 | Got a bound wooden ring
 31880 | Vaults:1 | Identified the ring "Jutynk" {EV+2 Int+3} (You found it on
                  | level 1 of the Vaults)
 33581 | Vaults:2 | Found a staircase to the Crypt.
 33756 | Vaults:3 | Reached XP level 21. HP: 205/205 MP: 28/28
 33920 | Vaults:3 | Got a bronze plate armour
 33921 | Vaults:3 | Identified the +8 plate armour "Ajunoz" {Str+2} (You found
                  | it on level 3 of the Vaults)
 34899 | Vaults:4 | Identified the Reference Book on Moulding and the Mountains
 35490 | Vaults:4 | Found Gawucs's Antique Weapon Boutique.
 35918 | Vaults:5 | Entered Level 5 of the Vaults
 35936 | Vaults:5 | Paralysed by a floating eye for 3 turns
 36057 | Vaults:5 | Reached XP level 22. HP: 217/217 MP: 29/29
 36144 | Vaults:5 | Noticed a golden dragon
 36162 | Vaults:5 | Killed a golden dragon
 36331 | Vaults:5 | Identified the +6 scale mail of Midnight {Int+3}
 36482 | Vaults:5 | Noticed Boris
 36491 | Vaults:5 | Killed Boris
 36544 | Vaults:5 | Got a silver rune of Zot
 36570 | Vaults:5 | Learned a level 3 spell: Stone Arrow
 36580 | Vaults:5 | Identified the +10 hunting sling "Wyaqa" {flame, rElec
                  | Stlth+} (You found it on level 5 of the Vaults)
 36622 | Vaults:5 | Reached skill level 15 in Armour
 36622 | Vaults:5 | Reached skill level 1 in Earth Magic
 36800 | Vaults:5 | Found Gaxeir's Antique Weapon Shop.
 37019 | Vaults:5 | Identified the cursed +1 ring mail of Time Monsters {+Blink
                  | MR+ Str+4 Slay+2} (You found it on level 5 of the Vaults)
 37118 | Vaults:5 | Reached skill level 5 in Earth Magic
 37720 | Crypt:1  | Entered Level 1 of the Crypt
 37836 | Crypt:1  | Reached skill level 1 in Conjurations
 37850 | Crypt:1  | Reached XP level 23. HP: 207/228 MP: 30/30
 38145 | Crypt:1  | Identified the cursed +1 chain mail of Noughts and Crosses
                  | {rPois rC+ rN+ Stlth-} (You found it on level 1 of the
                  | Crypt)
 38390 | Crypt:1  | Found an ancient bone altar of Kikubaaqudgha.
 38533 | Crypt:1  | Got a fine flail
 38534 | Crypt:1  | Identified the +2 flail "Kauhotz" {crush, rPois rN++ Int-3
                  | Stlth+} (You found it on level 1 of the Crypt)
 39545 | Crypt:2  | Found a runed translucent door.
 39546 | Crypt:2  | Noticed Houmnergh's ghost (master GnTm)
 39571 | Crypt:2  | Killed Houmnergh's ghost
 39601 | Crypt:2  | Found a corrupted altar of Lugonu.
 39618 | Crypt:2  | Found a one-way gate to the infinite horrors of the Abyss.
 39716 | Crypt:3  | Entered Level 3 of the Crypt
 39773 | Crypt:3  | Reached skill level 10 in Earth Magic
 39948 | Crypt:3  | Noticed Xtahua
 39958 | Crypt:3  | Killed Xtahua
 40083 | Crypt:3  | Noticed a greater mummy
 40126 | Crypt:3  | Killed a greater mummy
 40147 | Crypt:3  | Found an ancient bone altar of Kikubaaqudgha.
 40441 | Crypt:3  | Found a staircase to the Tomb.
 40525 | Crypt:3  | Identified the cursed +1 scale mail of Inaction {rElec
                  | rPois Dex-5 Stlth+} (You found it on level 3 of the Crypt)
 40896 | Crypt:3  | Found the +8 demon blade "Leech" {vamp, rN+ AC-3 EV-3}
 41199 | Depths:1 | Entered Level 1 of the Depths
 41211 | Depths:1 | Reached XP level 24. HP: 136/232 MP: 30/30
 41232 | Depths:1 | Reached skill level 5 in Conjurations
 41255 | Depths:1 | Reached skill level 5 in Spellcasting
 41447 | Depths:1 | Found Wuamnoige's Jewellery Emporium.
 41447 | Depths:1 | Found Yjad's Gadget Shop.
 41448 | Depths:1 | Found Abrar's Jewellery Emporium.
 41462 | Depths:1 | Bought an uncursed amulet of the acrobat for 360 gold
                  | pieces
 41623 | Depths:1 | Found a gateway to a ziggurat.
 42087 | Crypt:2  | Voluntarily entered the Abyss.
 42678 | Abyss:1  | Found a corrupted altar of Lugonu.
 42714 | Abyss:1  | Found a corrupted altar of Lugonu.
 42715 | Abyss:1  | Found a corrupted altar of Lugonu.
 42867 | Abyss:2  | Found a corrupted altar of Lugonu.
 43112 | Abyss:3  | Reached skill level 1 in Translocations
 43150 | Abyss:3  | Found a corrupted altar of Lugonu.
 43497 | Abyss:3  | Found a corrupted altar of Lugonu.
 43943 | Abyss:4  | Gained mutation: You have a pair of small horns on your
                  | head. [a shining eye]
 43944 | Abyss:4  | Gained mutation: Armour fits poorly on your strangely
                  | shaped body. [a shining eye]
 43946 | Abyss:4  | Gained mutation: You are frail. (-10% HP) [a shining eye]
 44041 | Abyss:4  | Got an abyssal rune of Zot
 44077 | Abyss:4  | Reached XP level 25. HP: 216/216 MP: 30/30
 44436 | Crypt:2  | Escaped the Abyss
 44449 | Crypt:2  | Lost mutation: Armour fits poorly on your strangely shaped
                  | body. [potion of mutation]
 44449 | Crypt:2  | Lost mutation: You have a pair of small horns on your head.
                  | [potion of mutation]
 44449 | Crypt:2  | Gained mutation: Armour fits poorly on your strangely
                  | shaped body. [potion of mutation]
 44449 | Crypt:2  | Gained mutation: Your flesh is cold resistant. (rC+)
                  | [potion of mutation]
 44449 | Crypt:2  | Gained mutation: You have supernaturally acute eyesight.
                  | (SInv) [potion of mutation]
 44848 | Slime:1  | Entered Level 1 of the Pits of Slime
 44966 | Slime:5  | Entered Level 5 of the Pits of Slime
 45080 | Slime:5  | Reached skill level 15 in Earth Magic
 45166 | Slime:5  | Reached skill level 5 in Translocations
 45289 | Slime:5  | Noticed the Royal Jelly
 45309 | Slime:5  | Killed the Royal Jelly
 45385 | Slime:5  | Got a crude tin amulet
 45386 | Slime:5  | Identified the amulet "Sosuru Jado" {Gourm rElec rN++
                  | Dex+2} (You found it on level 5 of the Pits of Slime)
 45395 | Slime:5  | Got a bloodstained broad axe
 45396 | Slime:5  | Identified the +3 broad axe of Uruiruh {venom, Dex+3} (You
                  | found it on level 5 of the Pits of Slime)
 45426 | Slime:5  | Got a steaming plate armour
 45437 | Slime:5  | Identified the +4 plate armour "Qetue" {-Tele *Corrode
                  | Str+6 Int+8} (You found it on level 5 of the Pits of Slime)
 45478 | Slime:5  | Identified the Tome of Snow
 45513 | Slime:5  | Got a slimy rune of Zot
 45519 | Slime:5  | Got an encrusted broad axe
 45520 | Slime:5  | Identified the +6 broad axe "Neeq" {freeze, rElec MR+
                  | Dex+2} (You found it on level 5 of the Pits of Slime)
 46394 | Depths:2 | Identified the cursed +1 leather armour "Tugeen Myink" {rN+
                  | Str+4}
 46461 | Depths:2 | Found a sparkling altar of Nemelex Xobeh.
 46569 | Depths:2 | Found an opulent altar of Gozag.
 46726 | Depths:2 | Noticed Asterion
 46739 | Depths:2 | Killed Asterion
 46792 | Depths:2 | Found a radiant altar of Vehumet.
 46901 | Depths:2 | Identified the +8 rapier of Infinite Pain {pierce, rF+ rN+
                  | Str+4}
 46962 | Depths:2 | Reached XP level 26. HP: 217/232 MP: 30/30
 46985 | Depths:2 | Got a twisted shield
 46996 | Depths:2 | Identified the +3 shield of the Heavens {+Inv rElec} (You
                  | acquired it on level 2 of the Depths)
 47046 | Depths:2 | Got a smoking zirconium amulet
 47047 | Depths:2 | Identified the amulet of Kuczete {Inacc SInv} (You found it
                  | on level 2 of the Depths)
 47291 | Depths:2 | Found a hide-covered altar of Uskayaw.
 47916 | Depths:3 | Noticed Margery
 47949 | Depths:3 | Killed Margery
 47970 | Depths:3 | Got a distressingly furry large shield
 47981 | Depths:3 | Identified the +1 large shield of Focus {*Drain rElec rC+}
                  | (You acquired it on level 3 of the Depths)
 48107 | Depths:3 | Found a one-way gate leading to the halls of Pandemonium.
 48705 | Pan      | Entered Pandemonium
 48749 | Pan      | Noticed Nats the pandemonium lord
 48752 | Pan      | HP: 9/233 [hellion/damnation (16)]
 48987 | Pan      | Noticed Ytid Jia the pandemonium lord
 49320 | Pan      | Lost mutation: You have supernaturally acute eyesight.
                  | (SInv) [a neqoxec]
 49339 | Pan      | Gained mutation: Scrolls take you a little longer to read.
                  | [a neqoxec]
 49363 | Pan      | Noticed Herimec the pandemonium lord
 49389 | Pan      | Killed Herimec the pandemonium lord
 49695 | Pan      | Found a burning altar of Makhleb.
 49758 | Pan      | Reached XP level 27. HP: 156/241 MP: 26/32
 49852 | Pan      | Entered the realm of Gloorx Vloq.
 49953 | Pan      | Found a basalt altar of Yredelemnul.
 50312 | Pan      | Learned a level 6 spell: Iron Shot
 50412 | Pan      | Reached skill level 10 in Conjurations
 50533 | Pan      | Noticed Gloorx Vloq
 50556 | Pan      | HP: 12/241 [Gloorx Vloq (10)]
 50860 | Pan      | Got a dark rune of Zot
 50928 | Pan      | Gained mutation: You are clumsy. (Dex -2) [a cacodemon]
 51292 | Pan      | Noticed Koev the pandemonium lord
 51320 | Pan      | Killed Koev the pandemonium lord
 51373 | Pan      | Reached skill level 10 in Spellcasting
 51462 | Pan      | Cast into level 2 of the Abyss (+1 demon trident of
                  | distortion)
 51464 | Abyss:2  | Found a corrupted altar of Lugonu.
 51486 | Abyss:2  | Identified the cursed +3 short sword of the Unspeakable One
                  | {venom, rC++ rN+ Int-2 Dex+4} (You found it on level 2 of
                  | the Abyss)
 51497 | Pan      | Escaped the Abyss
 51671 | Pan      | Gained mutation: Your muscles are strong. (Str +2) [a
                  | neqoxec]
 51672 | Pan      | Gained mutation: You tend to lose your temper in combat. [a
                  | neqoxec]
 51949 | Pan      | Identified the ring of Salvation {+Inv Int+2 Dex+5}
 51976 | Pan      | Found a transporter.
 51994 | Pan      | Found a transporter.
 52143 | Pan      | Got a pair of bloodstained gloves
 52154 | Pan      | Identified the +1 pair of gloves of Duty {rF+ MR+ Int-2
                  | Dex+4} (You found it in Pandemonium)
 52170 | Pan      | Identified the Papyrus of Arcane Weapons and Sinister Arts
 52231 | Pan      | Learned a level 1 spell: Summon Small Mammal
 52597 | Pan      | Found an exit through the horrors of the Abyss.
 52641 | Pan      | Reached skill level 1 in Summonings
 52689 | Pan      | Noticed Uklopnaq the pandemonium lord
 52701 | Pan      | Killed Uklopnaq the pandemonium lord
 53493 | Pan      | Noticed Hioteivi the pandemonium lord
 53517 | Pan      | Killed Hioteivi the pandemonium lord
 54064 | Pan      | Entered the realm of Mnoleg.
 54151 | Pan      | Gained mutation: Your body sometimes deteriorates upon
                  | taking damage. [a cacodemon]
 54539 | Pan      | Lost mutation: Scrolls take you a little longer to read. [a
                  | neqoxec]
 54544 | Pan      | Lost mutation: Your muscles are strong. (Str +2) [a
                  | neqoxec]
 54549 | Pan      | Gained mutation: You are very frail. (-20% HP) [a neqoxec]
 54565 | Pan      | Noticed Mnoleg
 54595 | Pan      | Killed Mnoleg
 54605 | Pan      | Got a glowing rune of Zot
 54610 | Pan      | Gained mutation: You are occasionally teleported next to
                  | monsters. [a cacodemon]
 54614 | Pan      | Gained mutation: You are dopey. (Int -2) [a cacodemon]
 54618 | Pan      | Gained mutation: You are sometimes teleported next to
                  | monsters. [a cacodemon]
 54710 | Pan      | Gained mutation: You are extremely frail. (-30% HP) [a
                  | neqoxec]
 54711 | Pan      | Gained mutation: Your magical capacity is low. (-10% MP) [a
                  | neqoxec]
 54712 | Pan      | Entered the realm of Lom Lobon.
 54713 | Pan      | Lost mutation: Your body sometimes deteriorates upon taking
                  | damage. [potion of mutation]
 54713 | Pan      | Lost mutation: You tend to lose your temper in combat.
                  | [potion of mutation]
 54713 | Pan      | Lost mutation: You are sometimes teleported next to
                  | monsters. [potion of mutation]
 54713 | Pan      | Gained mutation: You have large cloven feet. [potion of
                  | mutation]
 54714 | Pan      | Lost mutation: Your magical capacity is low. (-10% MP)
                  | [potion of mutation]
 54714 | Pan      | Lost mutation: You are extremely frail. (-30% HP) [potion
                  | of mutation]
 54714 | Pan      | Gained mutation: You can translocate small distances at
                  | will. [potion of mutation]
 54714 | Pan      | Gained mutation: You are partially covered in large bone
                  | plates. (SH +4) [potion of mutation]
 54714 | Pan      | Gained mutation: You have a somewhat thin skeletal
                  | structure. (Dex +2, Stealth) [potion of mutation]
 55112 | Pan      | Noticed Lom Lobon
 55152 | Pan      | Killed Lom Lobon
 55167 | Pan      | Got a magical rune of Zot
 55556 | Pan      | Noticed Toil the pandemonium lord
 55570 | Pan      | Reached skill level 5 in Stealth
 55613 | Pan      | Reached skill level 5 in Summonings
 55617 | Pan      | Killed Toil the pandemonium lord
 55772 | Pan      | Noticed Gloorx Vloq
 55779 | Pan      | HP: 9/217 [Executioner[Gloorx Vloq] (11)]
 55928 | Pan      | Noticed Gloorx Vloq
 55981 | Pan      | Noticed Henothri the pandemonium lord
 56180 | Pan      | Noticed Hyucim the pandemonium lord
 56193 | Pan      | Killed Hyucim the pandemonium lord
 56490 | Pan      | Got a distressingly furry cloak
 56501 | Pan      | Identified the cursed -3 cloak of Vlad {rN++} (You found it
                  | in Pandemonium)
 56574 | Pan      | Found an exit through the horrors of the Abyss.
 56637 | Pan      | Took an exit into the Abyss.
 56637 | Abyss:1  | Escaped into the Abyss
 56714 | Abyss:1  | Found a corrupted altar of Lugonu.
 56720 | Depths:3 | Escaped the Abyss
 56751 | Depths:3 | Lost mutation: You are very frail. (-20% HP) [potion of
                  | mutation]
 56751 | Depths:3 | Lost mutation: You have a somewhat thin skeletal structure.
                  | (Dex +2, Stealth) [potion of mutation]
 56751 | Depths:3 | Lost mutation: You are occasionally teleported next to
                  | monsters. [potion of mutation]
 56751 | Depths:3 | Gained mutation: You have a somewhat thin skeletal
                  | structure. (Dex +2, Stealth) [potion of mutation]
 57423 | Depths:4 | Found a portal to a secret trove of treasure.
 57429 | Depths:4 | Found a runed translucent gate.
 57429 | Depths:4 | Found a runed translucent gate.
 57429 | Depths:4 | Found a runed translucent gate.
 57442 | Depths:4 | You showed the abyssal rune of Zot to enter a treasure
                  | trove
 57443 | Trove    | Entered a treasure trove
 57446 | Trove    | Found the ring of the Mage {Wiz MR++ Int+3}
 57446 | Trove    | Found the ring of Shadows {Umbra +Inv Stlth+}
 57447 | Trove    | Found the ring of Robustness {AC+8}
 57456 | Trove    | Got a clouded gossamer ring
 57458 | Trove    | Got a slimy diamond amulet
 57461 | Trove    | Got a slimy ivory ring
 57472 | Trove    | Got an ancient iron ring
 57484 | Trove    | Identified the ring "Qiobisomn" {rC- AC+3 Dex+8 Stlth+}
                  | (You found it in a treasure trove)
 57492 | Trove    | Identified the ring of Myvusor {+Fly rElec rC+} (You found
                  | it in a treasure trove)
 57494 | Trove    | Identified the ring "Dos Buci" {Fire Dex+5 Slay+3} (You
                  | found it in a treasure trove)
 57500 | Trove    | Identified the amulet "Qoubas" {Harm *Drain +Blink rElec
                  | Str+3} (You found it in a treasure trove)
 57546 | Depths:4 | Noticed Valentain's ghost (veteran NaVM)
 57546 | Depths:4 | Noticed Sassenached's ghost (adept DsWn)
 57583 | Depths:4 | Killed Sassenached's ghost
 57609 | Depths:4 | Killed Valentain's ghost
 57768 | Depths:4 | Identified the Disquisition on Malediction and Clay
 57772 | Depths:4 | Identified the Compendium of Mutagenic Weightlessness
 58081 | Depths:5 | Entered Level 5 of the Depths
 58460 | Depths:5 | Reached skill level 5 in Evocations
 58563 | Depths:5 | Found the +27 Lear's hauberk
 58733 | Depths:5 | Found Acseur's Magic Scroll Boutique.
 58769 | Depths:5 | Bought 2 scrolls of enchant armour for 240 gold pieces
 58769 | Depths:5 | Bought a scroll of enchant armour for 120 gold pieces
 58877 | Depths:5 | Found a gate to the Realm of Zot.
 58979 | Depths:5 | Learned a level 2 spell: Swiftness
 59022 | Hell     | Entered the Vestibule of Hell
 59022 | Hell     | Noticed Geryon
 59055 | Hell     | Reached skill level 1 in Charms
 59100 | Hell     | Found a gateway to the decaying netherworld of Tartarus.
 59187 | Hell     | Found a gateway to the freezing wastes of Cocytus.
 59259 | Hell     | Found a gateway to the ashen valley of Gehenna.
 59302 | Hell     | Killed Geryon
 59438 | Hell     | Found a gateway to the Iron City of Dis.
 59472 | Dis:1    | Entered Level 1 of the Iron City of Dis
 61010 | Dis:7    | Entered Level 7 of the Iron City of Dis
 61022 | Dis:7    | Reached skill level 27 in Shields
 61124 | Dis:7    | Reached skill level 5 in Charms
 61221 | Dis:7    | Reached skill level 10 in Summonings
 61330 | Dis:7    | Learned a level 2 spell: Song of Slaying
 61360 | Dis:7    | Got a slimy bone ring
 61361 | Dis:7    | Identified the ring "Nexak" {Dex+3 Stlth-} (You found it on
                  | level 7 of the Iron City of Dis)
 61363 | Dis:7    | Identified the Papyrus of Toxic Conjuration
 61367 | Dis:7    | Identified the +8 war axe of Contention {freeze, rElec
                  | rPois Str+4} (You found it on level 7 of the Iron City of
                  | Dis)
 62458 | Dis:7    | Identified the +4 staff of Dispater
 62458 | Dis:7    | Identified the ring of Jimya {rF+ MP+9}
 62458 | Dis:7    | Noticed Dispater
 62489 | Dis:7    | HP: 4/251 [Dispater/crystal spear (47)]
 62501 | Dis:7    | Killed Dispater
 62543 | Dis:7    | Got an iron rune of Zot
 62776 | Coc:1    | Entered Level 1 of Cocytus
 63040 | Coc:3    | You fall through a shaft for 2 floors!
 63215 | Coc:7    | Entered Level 7 of Cocytus
 63599 | Coc:7    | Reached skill level 27 in Axes
 63830 | Coc:7    | Identified the +9 hand crossbow "Vuhic" {elec, MR+ Str+3
                  | Int+6 Dex-5} (You found it on level 7 of Cocytus)
 63951 | Coc:7    | Identified the cursed +1 war axe "Gosagan Nezi" {chop, rN+}
                  | (You found it on level 7 of Cocytus)
 64101 | Coc:7    | Found the macabre finger necklace {rN+}
 64177 | Coc:7    | Gained mutation: You are very dopey. (Int -4) [mutagenic
                  | glow]
 64569 | Coc:7    | Noticed Antaeus
 64624 | Coc:7    | HP: 9/253 [Antaeus (30)]
 64626 | Coc:7    | Killed Antaeus
 64668 | Coc:7    | Got an icy rune of Zot
 64675 | Coc:7    | Learned a level 5 spell: Aura of Abjuration
 65146 | Tar:1    | Entered Level 1 of Tartarus
 65936 | Tar:7    | Entered Level 7 of Tartarus
 65944 | Tar:7    | Reached skill level 15 in Spellcasting
 65970 | Tar:7    | Reached skill level 10 in Charms
 66386 | Tar:7    | Identified the cursed +0 leather armour "Bimugy" {Slay+2}
                  | (You found it on level 7 of Tartarus)
 66817 | Tar:7    | HP: 6/259 [Tzitzimitl/bolt of negative energy[the effects
                  | of Hell] (24)]
 66880 | Tar:7    | HP: 9/259 [Tzitzimitl/bolt of negative energy (27)]
 66920 | Tar:7    | HP: 4/259 [hellion/damnation (34)]
 67016 | Tar:7    | Identified the +10 scimitar of Yvuillusch {slice, MP+9
                  | Str+6 Int-4} (You found it on level 7 of Tartarus)
 67022 | Tar:7    | Got a pitted lapis lazuli ring
 67024 | Tar:7    | Identified the ring of Antaxot {Str+3 Stlth+} (You found it
                  | on level 7 of Tartarus)
 67531 | Tar:7    | Killed from afar by a hellion

Skill      XL: |  1  2  3  4  5  6  7  8  9 10 11 12 13 14 15 16 17 18 19 20 21 22 23 24 25 26 27 |
---------------+----------------------------------------------------------------------------------+-----
Axes           | 3 4 5 6 7 9 11 12 13 14 15 16 17 18 19 20 21 22 23 24 27 | 27.0
Fighting       | 3 4 5 6 7 8 9 10 11 12 13 14 15 16 17 18 19 24 | 24.7
Shields        | 4 5 6 7 8 9 10 11 12 13 14 16 17 18 19 20 21 22 23 27 | 27.0
Armour         | 4 5 6 7 8 9 10 11 12 13 14 15 16 17 18 24 | 24.1
Dodging        | 1 2 3 4 5 6 7 8 9 10 11 12 14 | 14.4
Stealth        | 1 2 3 4 6 |  6.9
Throwing       | 1 |  1.6
Invocations    | 6 9 11 13 14 15 16 | 16.1
Evocations     | 1 4 5 |  5.7
Maces & Flails | 2 |  2.7
Spellcasting   | 1 4 6 7 9 15 | 15.5
Earth Magic    | 6 11 14 16 17 18 | 18.1
Conjurations   | 1 4 6 8 9 13 | 13.1
Translocations | 3 6 7 8 |  8.1
Summonings     | 13 | 13.2
Charms         | 11 | 11.0

Action                   |  1- 3 |  4- 6 |  7- 9 | 10-12 | 13-15 | 16-18 | 19-21 | 22-24 | 25-27 || total
-------------------------+-------+-------+-------+-------+-------+-------+-------+-------+-------++-------
Melee: War axe           |   103 |   206 |   279 |   612 |  1325 |  1366 |  1480 |  1919 |  1094 ||  8384
       Morningstar       |       |       |       |       |    32 |       |       |       |       ||    32
       Headbutt          |       |       |       |       |       |       |       |    22 |    55 ||    77
       Broad axe         |       |       |       |       |       |       |       |       |  5222 ||  5222
Throw: Tomahawk          |       |       |     1 |    14 |     5 |       |       |       |       ||    20
 Cast: Apportation       |       |       |       |       |       |     2 |       |     3 |     1 ||     6
       Blink             |       |       |       |       |       |     1 |       |       |    14 ||    15
       Stone Arrow       |       |       |       |       |       |       |       |     1 |    21 ||    22
       Aura of Abjuratio |       |       |       |       |       |       |       |       |    10 ||    10
       Song of Slaying   |       |       |       |       |       |       |       |       |     7 ||     7
       Iron Shot         |       |       |       |       |       |       |       |       |     4 ||     4
Invok: Minor Destruction |       |       |       |    42 |    62 |    29 |    31 |     4 |     1 ||   169
       Lesser Servant of |       |       |       |     1 |     4 |     6 |     1 |     1 |     2 ||    15
       Major Destruction |       |       |       |       |       |     1 |     2 |       |     2 ||     5
 Abil: Heal Wounds       |       |     3 |     7 |     5 |     1 |       |     5 |     2 |    19 ||    42
       Evoke Flight      |       |       |       |       |       |       |    19 |       |       ||    19
Evoke: Wand              |       |       |       |     8 |     7 |     1 |       |       |    10 ||    26
  Use: Potion            |       |     7 |     6 |     8 |       |     5 |     4 |    12 |    35 ||    77
       Scroll            |       |       |    13 |     7 |    12 |    13 |    11 |     9 |    53 ||   118
 Stab: Invisible         |       |       |     3 |       |       |       |       |       |       ||     3
       Distracted        |       |       |       |       |       |     3 |     1 |     1 |    21 ||    26
       Held in net/web   |       |       |       |       |       |     1 |       |       |       ||     1
       Sleeping          |       |       |       |       |       |       |       |       |     5 ||     5
       Paralysed         |       |       |       |       |       |       |       |       |     3 ||     3
  Eat: Chunk             |     1 |     6 |     7 |    19 |    31 |    25 |    34 |    13 |    77 ||   213
       Ration            |       |       |       |       |       |       |       |     6 |     8 ||    14
Armor: Plate armour      |    21 |       |       |       |       |       |   282 |    50 |  2316 ||  2669
       Scale mail        |     1 |       |       |       |       |       |       |       |       ||     1
       Chain mail        |    27 |   145 |   192 |   283 |   614 |   582 |   187 |       |       ||  2030
       Gold dragon scale |       |       |       |       |       |       |       |   628 |   151 ||   779
Dodge: Dodged            |    20 |    44 |    89 |   201 |   515 |   624 |   657 |   764 |  2819 ||  5733
Block: Shield            |    47 |   123 |   160 |   377 |   875 |   997 |  1276 |  1703 |  8116 || 13674
       Reflection        |       |       |       |       |       |       |       |    15 |   189 ||   204
